 Dungeon Crawl Stone Soup version 0.21.1-1-g345015f (webtiles) character file.

246940 zishaf the Warrior (level 19, -13/156 HPs)
             Began as a Gargoyle Fighter on May 10, 2018.
             Was the Champion of Okawaru.
             Mangled by an acid blob (16 damage)
             ... on level 4 of the Pits of Slime on May 11, 2018.
             The game lasted 02:55:42 (37206 turns).

zishaf the Warrior (Gargoyle Fighter)              Turns: 37206, Time: 02:55:44

Health: -13/156    AC: 46    Str: 37    XL:     19   Next: 97%
Magic:  0/24       EV: 11    Int: 12    God:    Okawaru [******]
Gold:   524        SH: 18    Dex: 17    Spells: 18/18 levels left

rFire    + . .     SeeInvis .   a - +8 flail of Annoyance {elec, Int+2 Dex+6 Stlth-}
rCold    + . .     Gourm    .   c - +0 shield
rNeg     + . .     Faith    .   L - +4 gold dragon scales
rPois    ∞         Spirit   +   T - +2 helmet
rElec    +         Reflect  .   l - scarf {repulsion}
rCorr    +         Harm     .   t - +1 pair of gloves "Tittu" {Slay+3}
MR       +....     Rnd*Rage +   D - +2 pair of boots
Stlth    ..........             U - amulet of guardian spirit
HPRegen  0.36/turn              m - ring of resist corrosion
MPRegen  0.19/turn              F - +5 ring of strength

@: berserking (expiring), heroism, corroded, flying, repel missiles, very quick
A: big wings, agile 1, berserk 1, blurry vision 1, frail 2, low mp 1, negative
energy resistance 1, sense surroundings 1, electricity resistance, unbreathing,
petrification resistance, rot immunity, subdued magic 1, AC +14
}: 1/15 runes: serpentine
a: Stop Flying, Heroism, Finesse, Renounce Religion


You were on level 4 of the Pits of Slime.
You worshipped Okawaru.
Okawaru was exalted by your worship.
You were not hungry.

You visited 6 branches of the dungeon, and saw 33 of its levels.
You also visited: Bailey.

You collected 3801 gold pieces.
You spent 3277 gold pieces at shops.

Inventory:

Hand Weapons
 a - the +8 flail of Annoyance (weapon) {elec, Int+2 Dex+6 Stlth-}
   (You found it on level 12 of the Dungeon)

   Occasionally, upon striking a foe, it will discharge some electrical energy
   and cause terrible harm.
   It affects your intelligence (+2).
   It affects your dexterity (+6).
   It makes you less stealthy.
 b - a +6 longbow of freezing
 B - a +5 vampiric eveningstar
Missiles
 E - 818 arrows (quivered)
Armour
 c - a +0 shield (worn)
 h - the +1 cloak of Ceimpekk {+Fly Slay+2 Stlth+}
   (Okawaru gifted it to you on level 2 of the Snake Pit)

   It affects your accuracy and damage with ranged weapons and melee attacks
   (+2).
   It lets you fly.
   It makes you more stealthy.
 l - a scarf of repulsion (worn)
 t - the +1 pair of gloves "Tittu" (worn) {Slay+3}
   (Okawaru gifted it to you on level 2 of the Orcish Mines)

   It affects your accuracy and damage with ranged weapons and melee attacks
   (+3).
 D - a +2 pair of boots (worn)
 L - +4 gold dragon scales (worn)
 T - a +2 helmet (worn)
Jewellery
 m - a ring of resist corrosion (left hand)
 o - the amulet of Xom's Recklessness {rN+ Regen+}
   (You found it on level 1 of the Orcish Mines)

   [amulet of regeneration]

   It protects you from negative energy.
   It increases your rate of regeneration.
 s - the ring of the Moon {Ice rN+ Int-3 Dex+2 SInv}
   (You took it off a naga on level 2 of the Snake Pit)

   [ring of ice]

   It enhances your ice magic.
   It affects your intelligence (-3).
   It affects your dexterity (+2).
   It makes you vulnerable to fire.
   It protects you from cold.
   It protects you from negative energy.
   It lets you see invisible.
 u - an uncursed ring of see invisible
 F - a +5 ring of strength (right hand)
 Q - a +4 ring of evasion
 U - an amulet of guardian spirit (around neck)
Wands
 d - a wand of flame (48)
 y - a wand of acid (5)
 C - a wand of digging (45)
 H - a wand of polymorph (8)
 K - a wand of paralysis (9)
 M - a wand of scattershot (5)
 R - a wand of disintegration (16)
 S - a wand of iceblast (11)
Scrolls
 e - 6 scrolls of amnesia
 g - 6 scrolls of remove curse
 r - a scroll of teleportation
 v - 4 scrolls of magic mapping
 w - 4 scrolls of fog
 x - 5 scrolls of immolation
 A - 3 scrolls of blinking
 G - a scroll of summoning
 P - 2 scrolls of enchant weapon
 W - a scroll of identify
 X - a scroll of fear
Potions
 i - 7 potions of curing
 j - 3 potions of cancellation
 k - a potion of haste
 n - 3 potions of heal wounds
 q - a potion of brilliance
 z - 2 potions of might
 O - 3 potions of agility
 V - 3 potions of resistance
Miscellaneous
 p - a lamp of fire
 I - a phial of floods
 J - a sack of spiders
Comestibles
 f - 39 rations


   Skills:
 - Level 18.0(23.0) Fighting
   Level 5.2(10.2) Short Blades
 - Level 14.0(19.0) Maces & Flails
   Level 3.1(8.1) Polearms
 - Level 15.0(20.0) Bows
 - Level 18.0(23.0) Armour
 - Level 15.0(20.0) Shields
 + Level 10.4 Invocations
 - Level 5.4 Evocations


You had 18 spell levels left.
You didn't know any spells.

Dungeon Overview and Level Annotations

Branches:
Dungeon (15/15)            Temple (0/1) D:7            Lair (6/6) D:11
 Shoals (0/4) Lair:3        Snake (4/4) Lair:3        Slime (5/5) Lair:5
    Orc (2/2) D:10            Elf (1/3) Orc:2        Vaults (0/5) D:13
 Depths (0/5) D:15

Altars:
Dithmenos
Elyvilon
Fedhas
Gozag
Hepliaklqana
Kikubaaqudgha
Makhleb
Nemelex Xobeh
Okawaru
Qazlal
Sif Muna
Trog
Uskayaw
Wu Jian
Yredelemnul
Zin
Beogh

Shops:
D:4 !   D:5 :   D:12 **%*:   Orc:2 [=(*[   Snake:2 ?:!   Snake:3 *

Annotations:
D:8 wawa
D:9 zishaf's ghost, novice GrBe
Elf:1 exclusion: Roxanne, Roxanne


Innate Abilities, Weirdness & Mutations

You are resistant to torment.
Your stone body is resilient. (AC +14)
You are immune to poison.
Your large and strong wings let you fly indefinitely.
You resist negative energy. (rN+)
You are resistant to electric shocks. (rElec)
You can survive without breathing.
You are immune to petrification.
You are immune to rotting.
You are agile. (Dex +2)
You tend to lose your temper in combat.
Scrolls take you a little longer to read.
You are very frail. (-20% HP)
Your magical capacity is low. (-10% MP)
You passively map a small area around you.
Your spells are a little easier to cast, but a little less powerful.


Message History

The azure jelly hits you but does no damage.
You block the azure jelly's attack. x3
You sock the azure jelly!
The azure jelly is heavily wounded.
The acid blob closely misses you. The death ooze hits you!
* * * LOW HITPOINT WARNING * * *
You feel terrible.
The death ooze hits you but does no damage.
The death ooze hits you!
* * * LOW HITPOINT WARNING * * *
The death ooze hits you but does no damage.
The acid blob hits you but does no damage. x2
You are too berserk!
You bludgeon the azure jelly!!
The azure jelly is almost dead.
You block the azure jelly's attack. The azure jelly barely misses you.
You block the azure jelly's attack.
The azure jelly hits you but does no damage.
The acid blob hits you!
You die...

##......#.#.#.........##*#.####
#......................##...#.#
##....................##.......
#......(............#.....# .#
#.....#.................###,..
##.........................##.#
##....................#........#
##.....#....(#.JJJ.....##......((
#...........(...@J......#(......#
#.....##.......J.J.............##
##.#.##.......................##
#####.#......................##
#.........#............<...#
##..#.##.##...............##
#....#...##.....#.......##
#......#...##....#.#..#.##
##.##.###.####.........###


You could see 3 acid blobs, an azure jelly and 2 death oozes.

Vanquished Creatures
  the Royal Jelly (Slime:5)
  Mara (Snake:4)
  Vashnia (Snake:2)
  Bai Suzhen (Snake:3)
  Nikola (Snake:4)
  Rupert (Lair:3)
  17 acid blobs
  7 azure jellies
  15 nagarajas
  An orc warlord (Orc:2)
  A large abomination (Elf:1)
  A stone giant (Orc:1)
  A deep elf demonologist (Elf:1)
  A death ooze (Slime:5)
  2 deep elf high priests (Elf:1)
  2 hydras
  Erolcha (D:13)
  14 naga warriors
  A death knight (D:14)
  13 anacondas
  3 centaur warriors
  9 dancing weapons
  A catoblepas (Lair:6)
  An ogre mage (D:15)
  5 two-headed ogres
  2 tengu warriors
  5 orc high priests
  Urug (D:15)
  8 shock serpents
  13 naga sharpshooters
  The ghost of MemeProof the Protected, a novice MiFi of Okawaru (D:8)
  Nergalle (Lair:2)
  4 deep elf knights (Elf:1)
  A small abomination (Elf:1)
  A skeletal warrior (D:14)
  6 salamander mystics
  A sea snake (Snake:3)
  7 naga ritualists
  A deep elf archer (Orc:2)
  A lindwurm (Lair:5)
  2 unseen horrors (D:13)
  A necromancer (Lair:5)
  A phantasmal warrior (D:14)
  9 orc knights
  11 mana vipers
  10 salamanders
  4 oklob plants (Lair:1)
  2 wolf spiders (D:15)
  11 deep elf magi
  5 orc sorcerers
  6 shining eyes
  9 ugly things
  3 manticores
  A cyclops (shapeshifter) (D:15)
  A merfolk siren (Lair:3)
  5 guardian serpents
  2 centaur zombies
  36 black mambas
  Joseph (D:9)
  11 elephants
  14 naga magi
  A gargoyle (D:15)
  A torpor snail (Lair:6)
  An eye of devastation (Slime:4)
  2 efreet (D:13)
  8 komodo dragons
  8 spiny frogs
  A freezing wraith (D:14)
  2 rime drakes
  3 kobold demonologists (D:12)
  10 polar bears (Lair:6)
  6 trolls
  2 hornets
  75 slime creatures
  2 raiju (Lair:6)
  11 hippogriffs
  17 blink frogs
  A dream sheep (Lair:6)
  Sigmund (D:6)
  6 spriggans (Lair:4)
  A centaur simulacrum (D:15)
  3 wyverns
  2 wraiths
  Eustachio (D:6)
  37 yaks
  2 hungry ghosts (D:15)
  A fire elemental (Elf:1)
  3 vampire mosquitoes (D:13)
  4 basilisks
  66 nagas
  A soldier ant (D:12)
  11 wargs
  An acid dragon (D:11)
  13 hell hounds (Lair:6)
  16 water moccasins
  12 black bears
  A phantom (D:13)
  9 porcupines
  49 orc warriors
  4 sky beasts
  6 ice beasts
  5 eyes of draining
  18 ogres
  19 wolves
  24 centaurs
  2 necrophages
  6 crocodiles
  4 big kobolds
  An elf zombie (D:8)
  11 bullfrogs
  An earth elemental (Elf:1)
  6 wights
  8 killer bees
  4 howler monkeys
  6 electric eels
  9 crimson imps
  2 bullfrog zombies
  A quasit (D:9)
  4 hounds
  6 human zombies (D:8)
  A bullfrog skeleton (D:7)
  4 centaur skeletons
  17 jellies
  37 orc priests
  44 orc wizards
  A human skeleton (D:8)
  Terence (D:2)
  3 iguanas
  11 worker ants
  2 polar bear simulacra (Lair:5)
  2 yak simulacra (Lair:5)
  5 wolf simulacra (Lair:5)
  A killer bee zombie (D:9)
  An ogre skeleton (D:8)
  A hound skeleton (D:11)
  A mummy (D:8)
  2 worker ant zombies
  A howler monkey zombie (D:5)
  14 adders
  4 gnolls (Orc:2)
  2 howler monkey skeletons
  8 shadow imps
  7 oozes
  2 adder zombies
  6 worms
  2 adder skeletons
  3 dart slugs
  8 leopard geckos
  158 orcs
  10 bats
  3 giant cockroaches
  11 goblins
  5 hobgoblins
  13 jackals
  6 quokkas
  5 ball pythons
  7 frilled lizards
  A jackal skeleton (D:6)
  20 kobolds
  2 leopard gecko skeletons
  A quokka skeleton (D:8)
  7 rats
  2 river rat simulacra (Lair:5)
  5 plants
1285 creatures vanquished.

Vanquished Creatures (collateral kills)
  A naga warrior (Snake:4)
  2 anacondas (Snake:4)
  A salamander mystic (Snake:4)
  3 mana vipers (Snake:4)
  A salamander (Snake:4)
  A guardian serpent (Snake:4)
  A naga mage (Snake:4)
  2 nagas (Snake:4)
12 creatures vanquished.

Vanquished Creatures (others)
  An anaconda (Snake:2)
  A salamander mystic (Snake:4)
  A naga ritualist (Snake:1)
  2 mana vipers (Snake:4)
  A deep elf mage (Elf:1)
  A salamander (Snake:4)
  2 black mambas (Snake:4)
  2 nagas (Snake:4)
  A water moccasin (Snake:3)
  A black bear (Lair:6)
  An orc (Elf:1)
  6 bushes (D:14)
  9 fungi
  24 plants
53 creatures vanquished.

Grand Total: 1350 creatures vanquished

Notes
Turn   | Place    | Note
-------+----------+-------------------------------------------
     0 | D:1      | zishaf the Gargoyle Fighter began the quest for the Orb.
     0 | D:1      | Reached XP level 1. HP: 14/14 MP: 1/1
    73 | D:1      | Reached XP level 2. HP: 14/19 MP: 2/2
   205 | D:1      | Reached XP level 3. HP: 23/23 MP: 3/3
   777 | D:2      | Noticed Terence
   803 | D:2      | Killed Terence
   803 | D:2      | Reached XP level 4. HP: 27/28 MP: 4/4
   849 | D:2      | Found an iron altar of Okawaru.
   860 | D:2      | Became a worshipper of Warmaster Okawaru
   955 | D:2      | Found a shadowy altar of Dithmenos.
   964 | D:2      | Found a faded altar of an unknown god.
  1585 | D:3      | Reached skill level 5 in Maces & Flails
  1589 | D:3      | Reached XP level 5. HP: 31/32 MP: 5/5
  1876 | D:3      | Found a blossoming altar of Fedhas.
  1876 | D:3      | Found a white marble altar of Elyvilon.
  1952 | D:3      | Reached XP level 6. HP: 38/38 MP: 6/6
  2633 | D:3      | Found an ancient bone altar of Kikubaaqudgha.
  2689 | D:4      | Found Owubavo's Distillery.
  2703 | D:4      | Bought 2 potions of degeneration for 20 gold pieces
  2831 | D:4      | Got a jewelled rapier
  2832 | D:4      | Identified the +7 rapier of the Unspeakable One {flame, rC+ MR+} (You found it on level 4 of the Dungeon)
  2942 | D:4      | Noticed a black bear
  2949 | D:4      | Killed a black bear
  3028 | D:4      | Reached skill level 5 in Armour
  3248 | D:4      | Reached skill level 1 in Short Blades
  3254 | D:4      | Reached skill level 5 in Fighting
  3322 | D:5      | Entered Level 5 of the Dungeon
  3332 | D:5      | Found Qeashroli's Book Shop.
  3409 | D:5      | Reached XP level 7. HP: 42/44 MP: 7/7
  3611 | D:5      | Reached * piety under Okawaru
  3974 | D:6      | Noticed Eustachio
  3999 | D:6      | Killed Eustachio
  4036 | D:6      | Found the +6 lightning scales {run, rElec}
  4042 | D:6      | Reached ** piety under Okawaru
  4042 | D:6      | Reached skill level 5 in Short Blades
  4042 | D:6      | Reached XP level 8. HP: 48/49 MP: 8/8
  4080 | D:6      | Reached skill level 1 in Invocations
  4101 | D:6      | Noticed Sigmund
  4112 | D:6      | Killed Sigmund
  4133 | D:6      | Found a sparkling altar of Nemelex Xobeh.
  4289 | D:6      | Found an ornate altar of the Wu Jian Council.
  4310 | D:6      | Found a burning altar of Makhleb.
  4321 | D:6      | Noticed a cacodemon
  4322 | D:6      | Found a glowing silver altar of Zin.
  4323 | D:6      | Noticed an angel
  4525 | D:6      | Found a blossoming altar of Fedhas.
  4713 | D:7      | Found a staircase to the Ecumenical Temple.
  4964 | D:7      | Reached XP level 9. HP: 38/56 MP: 8/11
  5043 | D:7      | Reached *** piety under Okawaru
  5276 | D:7      | Got a translucent ring mail
  5288 | D:7      | Identified the +4 ring mail of Moafokh {rC+} (You found it on level 7 of the Dungeon)
  5304 | D:7      | Found an opulent altar of Gozag.
  5544 | D:7      | Reached skill level 5 in Invocations
  5859 | D:8      | Got a heavy robe
  5861 | D:8      | Gained mutation: Scrolls take you a little longer to read. [potion of mutation]
  5861 | D:8      | Gained mutation: Your natural rate of healing is unusually fast. [potion of mutation]
  5870 | D:8      | Noticed a two-headed ogre
  5872 | D:8      | Noticed MemeProof's ghost (novice MiFi)
  5885 | D:8      | Killed a two-headed ogre
  5885 | D:8      | Reached **** piety under Okawaru
  5904 | D:8      | Killed MemeProof's ghost
  5904 | D:8      | Reached XP level 10. HP: 19/65 MP: 12/15
  6473 | D:8      | Received a gift from Okawaru
  6479 | D:8      | Found a basalt altar of Yredelemnul.
  6504 | D:8      | Reached ***** piety under Okawaru
  6547 | D:9      | Noticed a manticore
  6559 | D:9      | Killed a manticore
  6569 | D:9      | Found a flagged portal.
  6605 | Bailey   | Entered a bailey
  7033 | Bailey   | Reached skill level 10 in Fighting
  7073 | Bailey   | Reached skill level 10 in Armour
  7128 | Bailey   | Reached XP level 11. HP: 64/72 MP: 17/17
  7288 | D:9      | Noticed zishaf's ghost (novice GrBe)
  7593 | D:9      | Noticed Joseph
  7613 | D:9      | Killed Joseph
  7763 | D:9      | Found a stormy altar of Qazlal.
  7899 | D:9      | Found a deep blue altar of Sif Muna.
  7904 | D:9      | Received a gift from Okawaru
  7923 | D:9      | Found a hazy altar of Hepliaklqana.
  8137 | D:10     | Entered Level 10 of the Dungeon
  8158 | D:10     | Got a jewelled short sword
  8159 | D:10     | Identified the cursed +3 short sword of Jinkibop {antimagic, Str+5} (You found it on level 10 of the Dungeon)
  8163 | D:10     | Noticed a two-headed ogre
  8168 | D:10     | Reached skill level 5 in Shields
  8173 | D:10     | Killed a two-headed ogre
  8240 | D:10     | Reached skill level 1 in Polearms
  8320 | D:10     | Found a staircase to the Orcish Mines.
  8835 | D:11     | Got a bloodstained quarterstaff
  8852 | D:10     | Identified the cursed +1 quarterstaff of Duatseul {venom, +Rage rElec} (You found it on level 11 of the Dungeon)
  8867 | D:10     | Identified the cursed +1 robe "Motuoror" {rC+ Int+3} (You found it on level 8 of the Dungeon)
  9230 | D:11     | Found a staircase to the Lair.
  9427 | D:12     | Found Hoevyuli's Book Emporium.
  9465 | D:12     | Reached skill level 1 in Evocations
  9513 | D:12     | Noticed a deep elf mage
  9520 | D:12     | Killed a deep elf mage
  9766 | D:12     | Noticed a deep elf mage
  9801 | D:12     | Killed a deep elf mage
  9801 | D:12     | Received a gift from Okawaru
  9815 | D:12     | Noticed a two-headed ogre
  9825 | D:12     | Killed a two-headed ogre
  9825 | D:12     | Reached XP level 12. HP: 68/79 MP: 18/18
  9969 | D:12     | Found Imyhi's Assorted Antiques.
  9995 | D:12     | Bought an ichor-stained shortbow for 280 gold pieces
 10000 | D:12     | Identified the +10 shortbow of Descent {flame, rElec rF+ rN+} (You bought it in a shop on level 12 of the Dungeon)
 10156 | D:12     | Reached skill level 10 in Shields
 10163 | D:12     | Found Sarch's General Store.
 10171 | D:12     | Bought a scroll of identify for 30 gold pieces
 10173 | D:12     | Identified a scroll of acquirement
 10176 | D:12     | Got a shimmering short sword
 10177 | D:12     | Identified the +10 short sword of the Swamp {pierce, MR+} (You acquired it on level 12 of the Dungeon)
 10185 | D:12     | Lost mutation: Scrolls take you a little longer to read. [potion of mutation]
 10185 | D:12     | Lost mutation: Your natural rate of healing is unusually fast. [potion of mutation]
 10185 | D:12     | Gained mutation: You passively map a small area around you. [potion of mutation]
 10185 | D:12     | Gained mutation: You are agile. (Dex +2) [potion of mutation]
 10185 | D:12     | Gained mutation: Your mind is acute. (Int +2) [potion of mutation]
 10185 | D:12     | Gained mutation: You are very agile. (Dex +4) [potion of mutation]
 10212 | D:12     | Found Huttotra's Food Shoppe.
 10218 | D:12     | Found Ovysu's General Store.
 10224 | D:12     | Got a translucent flail
 10233 | D:12     | Identified the +8 flail of Annoyance {elec, Int+2 Dex+6 Stlth-} (You found it on level 12 of the Dungeon)
 10762 | D:13     | Noticed a tengu warrior
 10787 | D:13     | Killed a tengu warrior
 10802 | D:13     | Found a gate to the Vaults.
 10896 | D:13     | Noticed Erolcha
 10904 | D:13     | Killed Erolcha
 10904 | D:13     | Received a gift from Okawaru
 11478 | D:13     | Reached XP level 13. HP: 84/84 MP: 19/19
 11695 | D:14     | Reached skill level 15 in Shields
 12033 | D:14     | Reached ****** piety under Okawaru
 12275 | D:15     | Entered Level 15 of the Dungeon
 12295 | D:15     | Reached skill level 10 in Maces & Flails
 12301 | D:15     | Received a gift from Okawaru
 12301 | D:15     | Reached skill level 1 in Bows
 12482 | D:15     | Received a gift from Okawaru
 12496 | D:15     | Reached skill level 5 in Bows
 12517 | D:15     | Found a staircase to the Depths.
 12659 | D:15     | Gained mutation: Your large and strong wings let you fly indefinitely. [Gargoyle growth]
 12659 | D:15     | Reached XP level 14. HP: 83/90 MP: 13/20
 12726 | D:15     | Noticed Urug
 12741 | D:15     | Killed Urug
 13456 | Lair:1   | Entered Level 1 of the Lair of Beasts
 13490 | Lair:1   | You are sucked into a shaft!
 13506 | Lair:2   | Noticed Nergalle
 13516 | Lair:2   | Killed Nergalle
 14295 | Lair:1   | Received a gift from Okawaru
 14880 | Lair:2   | Received a gift from Okawaru
 15827 | Lair:3   | Noticed Rupert
 15854 | Lair:3   | Killed Rupert
 15854 | Lair:3   | Received a gift from Okawaru
 15854 | Lair:3   | Reached skill level 10 in Bows
 16390 | Lair:3   | Found a staircase to the Snake Pit.
 16480 | Lair:3   | Found a staircase to the Shoals.
 17010 | Lair:4   | Received a gift from Okawaru
 17369 | Lair:4   | Reached XP level 15. HP: 91/94 MP: 21/21
 17460 | Lair:4   | You are sucked into a shaft for 2 floors!
 17460 | Lair:6   | Entered Level 6 of the Lair of Beasts
 17483 | Lair:5   | Found a staircase to the Slime Pits.
 18203 | Lair:5   | Got a heavily jewelled robe
 18204 | Lair:5   | Identified the +1 robe of Relativism {rElec rC++} (You found it on level 5 of the Lair of Beasts)
 18429 | Lair:5   | Received a gift from Okawaru
 18680 | Lair:6   | Received a gift from Okawaru
 20297 | Orc:1    | Entered Level 1 of the Orcish Mines
 20416 | Orc:1    | Found a bloodstained altar of Trog.
 20786 | Orc:1    | Found a transporter.
 20795 | Orc:1    | Found a roughly hewn altar of Beogh.
 20798 | Orc:1    | Paralysed by an orc sorcerer for 4 turns
 20810 | Orc:1    | Paralysed by an orc sorcerer for 5 turns
 20853 | Orc:1    | Received a gift from Okawaru
 20883 | Orc:1    | Got a pitted garnet amulet
 20905 | Orc:1    | Found a transporter.
 20924 | Orc:1    | Identified the amulet of Xom's Recklessness {rN+ Regen+} (You found it on level 1 of the Orcish Mines)
 21325 | Orc:2    | Entered Level 2 of the Orcish Mines
 21607 | Orc:2    | Found Yvvoepla's Antique Armour Shop.
 21630 | Orc:2    | Bought a pair of runed boots for 180 gold pieces
 21744 | Orc:2    | Paralysed by an orc sorcerer for 4 turns
 22078 | Orc:2    | Received a gift from Okawaru
 22122 | Orc:2    | Found a staircase to the Elven Halls.
 22266 | Orc:2    | Noticed an orc warlord
 22298 | Orc:2    | Reached XP level 16. HP: 86/103 MP: 13/22
 22305 | Orc:2    | Received a gift from Okawaru
 22601 | Orc:2    | Got a pair of smoking gloves {god gift}
 22612 | Orc:2    | Identified the +1 pair of gloves "Tittu" {Slay+3} (Okawaru gifted it to you on level 2 of the Orcish Mines)
 22805 | Orc:2    | Found Ruruusar's General Store.
 22806 | Orc:2    | Found Taibb's Jewellery Shoppe.
 22807 | Orc:2    | Found Ziremedu's Antique Armour Emporium.
 22807 | Orc:2    | Found Harysigg's Antique Weapon Emporium.
 23108 | Snake:1  | Entered Level 1 of the Snake Pit
 24590 | Elf:1    | Entered Level 1 of the Elven Halls
 24634 | Elf:1    | Received a gift from Okawaru
 24679 | Elf:1    | Noticed Roxanne
 24975 | Elf:1    | Received a gift from Okawaru
 25043 | Elf:1    | HP: 2/104 [dire flail of draining (5)]
 25462 | Elf:1    | Got a warped scale mail {god gift}
 25463 | Elf:1    | Identified the +5 scale mail of Lybeaffu {*Corrode MR+ Regen+ Dex+6} (Okawaru gifted it to you on level 1 of the Elven Halls)
 25641 | Orc:2    | Bought shiny gold dragon scales for 2490 gold pieces
 25880 | Snake:2  | Noticed a nagaraja
 26138 | Snake:2  | Killed a nagaraja
 26138 | Snake:2  | Reached XP level 17. HP: 84/108 MP: 17/23
 26364 | Snake:2  | Found Tudwap Helo's Distillery.
 26366 | Snake:2  | Found Roev's Book Shop.
 26375 | Snake:2  | Found Hiohuq's Magic Scroll Boutique.
 26395 | Snake:2  | Bought a scroll of enchant armour for 135 gold pieces
 26429 | Snake:2  | Noticed Vashnia
 26460 | Snake:2  | Reached skill level 15 in Bows
 26485 | Snake:2  | Killed Vashnia
 27044 | Snake:2  | Received a gift from Okawaru
 27055 | Snake:2  | Found a hide-covered altar of Uskayaw.
 27174 | Snake:2  | Received a gift from Okawaru
 27177 | Snake:2  | Got a translucent cloak {god gift}
 27189 | Snake:2  | Identified the +1 cloak of Ceimpekk {+Fly Slay+2 Stlth+} (Okawaru gifted it to you on level 2 of the Snake Pit)
 27581 | Snake:2  | Got a steaming marble ring
 27585 | Snake:2  | Identified the ring of the Moon {Ice rN+ Int-3 Dex+2 SInv} (You took it off a naga on level 2 of the Snake Pit)
 28174 | Snake:3  | Got a polished shortbow
 28175 | Snake:3  | Identified the +4 shortbow of Stickiness {freeze, Str+4 Dex+5} (You found it on level 3 of the Snake Pit)
 28935 | Snake:3  | Found Nudwog's General Store.
 28939 | Snake:3  | Bought a scroll of enchant weapon for 142 gold pieces
 29637 | Snake:4  | Entered Level 4 of the Snake Pit
 29637 | Snake:4  | Noticed Bai Suzhen
 29639 | Snake:4  | Noticed Nikola
 29898 | Snake:4  | Noticed Mara
 29911 | Snake:4  | Noticed zishaf's illusion
 29940 | Snake:4  | Received a gift from Okawaru
 29954 | Snake:4  | Reached XP level 18. HP: 94/118 MP: 5/24
 29970 | Snake:4  | Reached skill level 15 in Fighting
 29972 | Snake:4  | Reached skill level 15 in Armour
 30533 | Snake:4  | Noticed zishaf's illusion
 30842 | Snake:4  | Noticed zishaf's illusion
 31450 | Snake:3  | Killed Bai Suzhen
 31450 | Snake:3  | Received a gift from Okawaru
 31729 | Snake:4  | Received a gift from Okawaru
 31801 | Snake:4  | Killed Nikola
 31826 | Snake:4  | Noticed zishaf's illusion
 31922 | Snake:4  | Noticed zishaf's illusion
 31939 | Snake:4  | Killed Mara
 31939 | Snake:4  | Received a gift from Okawaru
 32041 | Snake:4  | Received a gift from Okawaru
 32147 | Snake:4  | Got a serpentine rune of Zot
 32867 | Slime:1  | Entered Level 1 of the Pits of Slime
 33018 | Slime:1  | Reached XP level 19. HP: 98/127 MP: 22/25
 33415 | Slime:1  | Gained mutation: You are frail. (-10% HP) [a shining eye]
 33417 | Slime:1  | Lost mutation: You are very agile. (Dex +4) [a shining eye]
 33421 | Slime:1  | Gained mutation: You tend to lose your temper in combat. [a shining eye]
 33425 | Slime:1  | Received a gift from Okawaru
 35527 | Slime:4  | Gained mutation: Your spells are a little easier to cast, but a little less powerful. [a shining eye]
 35543 | Slime:4  | Gained mutation: Your magical capacity is low. (-10% MP) [a shining eye]
 35803 | Slime:4  | Gained mutation: You are very frail. (-20% HP) [a shining eye]
 35804 | Slime:4  | Lost mutation: Your mind is acute. (Int +2) [a shining eye]
 36444 | Slime:5  | Entered Level 5 of the Pits of Slime
 36559 | Slime:5  | Gained mutation: Scrolls take you a little longer to read. [a shining eye]
 36800 | Slime:5  | Received a gift from Okawaru
 36847 | Slime:5  | Noticed the Royal Jelly
 37197 | Slime:5  | Killed the Royal Jelly
 37197 | Slime:5  | Received a gift from Okawaru
 37197 | Slime:5  | Received a gift from Okawaru
 37197 | Slime:5  | Reached skill level 10 in Invocations
 37197 | Slime:5  | Reached skill level 5 in Evocations
 37205 | Slime:4  | HP: 3/156 [death ooze[the Royal Jelly] (11)]
 37206 | Slime:4  | Mangled by an acid blob

Skill      XL: |  1  2  3  4  5  6  7  8  9 10 11 12 13 14 15 16 17 18 19 |
---------------+----------------------------------------------------------+-----
Maces & Flails | 3 4 5 7 10 12 14 | 14.0
Fighting       | 4 5 6 8 10 11 12 13 14 16 18 | 18.0
Armour         | 4 5 6 8 10 11 12 13 14 16 18 | 18.0
Short Blades   | 1 5 |  5.2
Invocations    | 3 6 8 9 10 | 10.4
Shields        | 9 14 15 | 15.0
Polearms       | 3 |  3.1
Evocations     | 3 5 |  5.4
Bows           | 7 10 14 15 | 15.0

Action                   |  1- 3 |  4- 6 |  7- 9 | 10-12 | 13-15 | 16-18 | 19-21 || total
-------------------------+-------+-------+-------+-------+-------+-------+-------++-------
Melee: Flail             |   123 |   229 |       |   204 |  1400 |  1023 |   284 ||  3263
       Rapier            |       |    34 |   216 |   628 |       |       |       ||   878
       Bardiche          |       |       |       |    82 |       |       |       ||    82
       Short sword       |       |       |       |     3 |       |       |       ||     3
       Eveningstar       |       |       |       |       |   103 |       |       ||   103
 Fire: Hunting sling     |       |       |       |     3 |       |       |       ||     3
       Shortbow          |       |       |       |       |   169 |       |       ||   169
       Longbow           |       |       |       |       |     9 |   300 |   119 ||   428
Invok: Heroism           |       |       |     4 |     6 |    14 |    11 |     1 ||    36
       Finesse           |       |       |       |     5 |    11 |     9 |     1 ||    26
 Abil: Fly               |       |       |       |       |     1 |       |       ||     1
Evoke: Wand              |       |       |       |     3 |     1 |     4 |       ||     8
       Phial of floods   |       |       |       |       |       |     1 |       ||     1
       Sack of spiders   |       |       |       |       |       |     2 |     2 ||     4
  Use: Potion            |       |     3 |     1 |     2 |     2 |     7 |     2 ||    17
       Scroll            |       |     7 |     7 |    12 |    15 |    14 |     1 ||    56
 Stab: Distracted        |       |       |       |       |       |     1 |       ||     1
  Eat: Chunk             |       |     6 |     5 |    14 |    21 |     4 |       ||    50
       Ration            |       |     1 |     1 |     2 |     4 |     9 |     4 ||    21
Armor: Scale mail        |    77 |   162 |    14 |       |       |     2 |       ||   255
       Chain mail        |       |       |    47 |       |   228 |   178 |       ||   453
       Plate armour      |       |       |    18 |   676 |   434 |       |       ||  1128
       Gold dragon scale |       |       |       |       |       |   587 |   319 ||   906
Dodge: Dodged            |    60 |    73 |    40 |   281 |   590 |   337 |    90 ||  1471
       Deflected         |       |       |       |     1 |    32 |    68 |     5 ||   106
Block: Shield            |    79 |   138 |    79 |   562 |  1045 |   691 |   128 ||  2722
